Map: Lerilak Crest

Players

BlueH

  • Race: Protoss Protoss
  • League: Platinum

Hibiki - Winner!

  • Race: Zerg Zerg

VOD

Have the link to the VOD?

Description

Time

  • Played on: March 17, 2016, 1:26 p.m.
  • Length: 11:27
Show
View Real Time Build Order
Export as new Build Order

BlueH Protoss 

Build Orders: 1 Gate Expand 

Get SALT Encoding   

  12  0:01  Probe (Chrono Boost)  
  13  0:11  Probe (Chrono Boost)  
  14  0:21  Pylon  
  14  0:23  Probe (Chrono Boost)  
  15  0:39  Gateway, Probe (Chrono Boost)  
  16  0:45  Assimilator  
  17  0:50  Probe (Chrono Boost)  
  17  1:16  Nexus  
  17  1:20  Probe (Chrono Boost)  
  18  1:39  Probe (Chrono Boost)  
  19  1:44  Cybernetics Core  
  19  1:50  Probe (Chrono Boost)  
  20  2:00  Probe (Chrono Boost)  
  21  2:02  Pylon  
  21  2:11  Probe (Chrono Boost)  
  22  2:17  Assimilator  
  22  2:21  Adept (Chrono Boost), Probe (Chrono Boost)  
  25  2:32  Gateway  
  25  2:34  Probe x2 (Chrono Boost)  
  27  2:38  Pylon  
  27  2:42  Mothership Core (Chrono Boost)  
  27  2:45  Warp Gate (Chrono Boost)  
  27  2:51  Probe  
  30  3:00  Gateway  
  30  3:03  Probe  
  30  3:04  Pylon  
  31  3:06  Probe  
  32  3:15  Probe  
  33  3:26  Probe, Stargate  
  33  3:28  Probe  
  35  3:35  Pylon  
  35  3:37  Probe  
  35  3:40  Adept (Chrono Boost), Probe  
  39  3:48  Probe, Sentry (Chrono Boost)  
  41  3:53  Probe  
  43  3:58  Probe  
  44  4:03  Assimilator  
  44  4:05  Probe, Assimilator  
  45  4:10  Probe  
  45  4:14  Oracle (Chrono Boost)  
  49  4:17  Probe  
  49  4:22  Probe  
  51  4:26  Gateway  
  51  4:29  Probe  
  52  4:34  Probe (Chrono Boost)  
  52  4:35  Robotics Facility  
  53  4:41  Probe (Chrono Boost)  
  54  4:48  Probe (Chrono Boost)  
  54  4:51  Phoenix  
  58  4:53  Probe (Chrono Boost)  
  58  4:57  Stalker x2  
  58  4:59  Zealot  
  65  5:00  Probe (Chrono Boost)  
  65  5:03  Probe (Chrono Boost)  
  66  5:12  Probe (Chrono Boost)  
  66  5:14  Probe (Chrono Boost)  
  68  5:24  Probe x2 (Chrono Boost)  
  69  5:28  Gateway  
  69  5:29  Gateway  
  69  5:32  Gateway, Pylon  
  69  5:35  Probe (Chrono Boost)  
  70  5:44  Pylon  
  70  5:45  Pylon  
  70  5:49  Phoenix  
  73  5:51  Probe (Chrono Boost)  
  73  6:02  Stalker x2  
  73  6:03  Zealot, Probe (Chrono Boost), Nexus  
  80  6:11  Immortal (Chrono Boost)  
  84  6:13  Sentry  
  86  6:32  Forge  
  86  6:34  Forge  
  86  6:35  Probe (Chrono Boost)  
  86  6:36  Probe (Chrono Boost)  
  86  6:37  Pylon  
  88  6:43  Zealot, Pylon  
  90  6:48  Stalker  
  90  6:49  Stalker  
  94  6:55  Pylon, Immortal (Chrono Boost)  
  98  7:11  Probe x2  
  98  7:12  Protoss Ground Armor Level 1, Protoss Ground Weapons Level 1  
  100  7:17  Zealot x2, Stalker x2  
  100  7:18  Zealot  
  110  7:28  Probe  
  110  7:29  Observer (Chrono Boost)  
  112  7:42  Zealot x3  
  112  7:43  Stalker x2  
  122  7:44  Sentry x2  
  122  7:47  Probe x2  
  122  7:48  Immortal (Chrono Boost)  
  132  8:01  Pylon  
  132  8:03  Photon Cannon, Pylon  
  132  8:04  Gateway  
  132  8:23  Adept x2  
  132  8:24  Adept x2  
  132  8:25  Adept x3  
  146  8:32  Twilight Council  
  146  8:44  Observer (Chrono Boost)  
  147  8:54  Pylon x2  
  147  8:56  Pylon  
  149  9:03  Warp Prism (Chrono Boost)  
  149  9:04  Protoss Ground Weapons Level 2, Protoss Ground Armor Level 2  
  149  9:12  Oracle  
  149  9:16  Charge (Chrono Boost)  
  152  9:17  Zealot x2, Nexus  
  152  9:18  Adept x2  
  152  9:19  Pylon, Stalker  
  152  9:21  Pylon  
  162  9:34  Immortal (Chrono Boost)  
  166  9:46  Templar Archives, Probe x2  
  166  9:48  Assimilator  
  166  9:49  Assimilator  
  168  9:53  Gateway  
  168  9:55  Gateway  
  168  10:07  Stalker x2  
  168  10:08  Zealot x3  
  168  10:09  Adept x3  
  184  10:18  Robotics Facility  
  126  10:46  Zealot, Stalker x3  
  126  10:47  Zealot x4  
  86  11:18  Zealot x4  
  89  11:19  Zealot x3  
  89  11:20  Zealot  
Show
View Real Time Build Order
Export as new Build Order

Hibiki Zerg - Winner!

Build Orders: Hatch First, Lurkers 

Get SALT Encoding   

  12  0:02  Drone  
  13  0:09  Drone  
  14  0:17  Overlord  
  14  0:35  Drone x2  
  16  0:36  Drone  
  17  0:46  Drone  
  17  0:49  Extractor  
  18  1:01  Drone  
  18  1:03  Hatchery  
  18  1:12  Extractor, Drone  
  18  1:20  Spawning Pool  
  18  1:23  Drone  
  18  1:32  Drone  
  19  1:42  Drone  
  20  1:51  Overlord  
  20  2:11  Drone, Queen  
  23  2:18  Queen  
  23  2:20  Drone x2  
  23  2:21  Metabolic Boost  
  27  2:26  Drone x2  
  29  2:33  Zergling x2  
  29  2:36  Drone  
  31  2:45  Drone  
  32  2:53  Queen  
  32  2:54  Hatchery  
  32  2:56  Drone  
  32  2:58  Drone  
  35  3:01  Overlord  
  35  3:05  Drone  
  36  3:24  Drone x6  
  42  3:30  Overlord x2  
  42  3:38  Drone x2  
  44  3:44  Extractor  
  44  3:47  Drone  
  44  3:51  Roach Warren  
  44  3:53  Drone x2  
  45  3:58  Overlord  
  45  3:59  Drone  
  46  4:06  Queen  
  46  4:07  Drone x2  
  46  4:08  Drone x5  
  55  4:15  Lair  
  55  4:19  Drone  
  56  4:25  Extractor  
  56  4:28  Extractor  
  56  4:30  Evolution Chamber  
  56  4:31  Drone x5  
  53  4:33  Evolution Chamber  
  53  4:37  Overlord  
  56  4:38  Drone x3  
  56  4:39  Drone x2  
  56  4:41  Overlord  
  61  4:56  Zerg Missile Weapons Level 1  
  61  4:58  Zerg Ground Armor Level 1  
  61  5:05  Roach x5  
  66  5:09  Drone x3, Spore Crawler  
  66  5:13  Spore Crawler  
  63  5:16  Spore Crawler  
  60  5:22  Roach x3  
  60  5:27  Overlord  
  66  5:29  Drone x2  
  66  5:33  Drone x2  
  66  5:34  Drone  
  71  5:38  Drone x2  
  71  5:39  Drone  
  71  5:42  Glial Reconstitution  
  74  5:50  Drone x5  
  74  5:54  Overlord  
  74  5:55  Drone  
  74  5:56  Drone  
  81  6:01  Infestation Pit, Ravager x3  
  83  6:05  Roach  
  83  6:09  Drone  
  83  6:10  Roach  
  83  6:11  Roach  
  90  6:13  Roach  
  92  6:20  Overlord x2  
  92  6:21  Extractor, Overlord  
  92  6:22  Extractor  
  90  6:32  Overlord x4  
  90  6:39  Hive  
  90  6:42  Drone  
  90  6:43  Drone, Hydralisk Den  
  90  6:44  Drone x2  
  90  6:45  Drone  
  94  6:48  Drone x2  
  94  6:50  Drone x2  
  98  6:56  Roach  
  98  6:57  Roach x2  
  104  7:07  Roach x4  
  104  7:08  Roach  
  114  7:12  Roach x2  
  118  7:29  Hydralisk  
  118  7:30  Hydralisk x5  
  118  7:31  Hydralisk  
  118  7:33  Zergling x2  
  133  7:40  Lurker Den  
  134  7:51  Ravager x4  
  134  7:52  Ravager  
  134  7:53  Roach x2  
  134  7:54  Roach  
  134  7:55  Zergling x4  
  146  8:06  Hatchery  
  143  8:21  Hydralisk  
  143  8:25  Overlord x6  
  143  8:26  Zerg Ground Armor Level 2, Zerg Missile Weapons Level 2  
  145  8:54  Hatchery  
  144  8:57  Overseer  
  144  8:59  Hydralisk x3  
  144  9:00  Hydralisk x2  
  144  9:02  Hydralisk x5  
  154  9:03  Hydralisk x3  
  154  9:04  Zergling x6  
  154  9:05  Zergling x2  
  174  9:10  Overlord x2  
  174  9:13  Overlord  
  174  9:17  Drone x2  
  176  9:25  Ultralisk Cavern, Zergling x2  
  176  9:26  Zergling x4  
  176  9:29  Lurker x2  
  180  9:32  Extractor  
  180  9:34  Lurker  
  180  9:37  Extractor  
  179  9:38  Drone x2  
  179  9:39  Drone x2  
  179  9:40  Lurker  
  184  9:51  Lurker  
  185  9:54  Lurker  
  185  9:58  Lurker  
  186  10:08  Lurker  
  186  10:10  Lurker  
  188  10:15  Lurker  
  188  10:16  Zergling x2  
  188  10:17  Zergling x18  
  182  10:39  Roach x15  
  182  10:40  Zergling x2  
  182  10:41  Zergling x4  
  190  11:02  Roach x3  
  190  11:03  Roach x3  
Tags
 
Add a new tag
Caveats
  • Supply blocks, unpowered buildings, or Contaminate may cause inaccurate times.
  • Supply counts are checked every 10 seconds.